 Dungeon Crawl Stone Soup version 0.24-b1 (webtiles) character file.

Game seed: 2416659868508991548, levelgen mode: deterministic

1171765 tmwh the Heavyweight Champion (level 27, -2/249 (258) HPs)
             Began as a Troll Monk on Oct 11, 2019.
             Was the Champion of the Shining One.
             Slain by Gloorx Vloq (13 damage)
             ... in Pandemonium on Oct 12, 2019.
             The game lasted 06:57:31 (120485 turns).

tmwh the Heavyweight Champion (Troll Monk)        Turns: 120485, Time: 06:57:31

HP:   -2/249 (258)  AC: 49    Str: 25 (26) XL:     27
MP:   0/38          EV: 16    Int: 12      God:    the Shining One [******]
Gold: 9694          SH: 45    Dex: 14 (16) Spells: 26/26 levels left

rFire    + + .     SeeInvis .     - Unarmed
rCold    + + .     Gourm    +   e - +5 large shield {reflect}
rNeg     + + +     Faith    .   d - +13 gold dragon scales "Nieshraonn" {rPois rF+ rC+ Int+4}
rPois    +         Spirit   +   O - +2 hat of the Bear Spirit {Spirit, +Rage rN+ MR++}
rElec    .         Reflect  +   l - +2 cloak
rCorr    .         Harm     .   (gloves unavailable)
MR       +++++     Clarity  +   (boots unavailable)
Stlth    ..........             U - amulet of the Four Winds {rN+ MR+++ Clar}
HPRegen  0.91/turn              k - ring of Aseomiaj {rC+ MP+9}
MPRegen  0.26/turn              Z - +5 ring of slaying

@: lethally poisoned (-2 -> -2), divine shield, marked, flayed, glowing
A: large, unfitting armour, claws 3, talons 1, repulsion field 1, molten scales
1, berserk 2, blurry vision 3, clever 1, clumsy 1, deterioration 1, fire
resistance 1, fast metabolism 3, frail 2, gourmand, low mp 2, sense surroundings
1, regeneration 1, screaming 1, shaggy fur 1, tough skin 3, weak 2, no potion
heal 1, subdued magic 2
}: 9/15 runes: barnacled, slimy, silver, obsidian, icy, bone, glowing, fiery,
gossamer
a: Divine Shield, Cleansing Flame, Summon Divine Warrior, Brand Weapon With Holy
Wrath, Renounce Religion, Evoke Berserk Rage


You were in Pandemonium.
You worshipped the Shining One.
The Shining One was exalted by your worship.
You were full.

You visited 16 branches of the dungeon, and saw 80 of its levels.
You visited Pandemonium 1 time, and saw 10 of its levels.
You visited the Abyss 1 time.
You also visited: Gauntlet and Ice Cave.

You collected 13015 gold pieces.
You spent 3321 gold pieces at shops.

Inventory:

Hand Weapons
 o - a +5 sacred scourge of holy wrath
Missiles
 P - 128 large rocks (quivered)
Armour
 d - the +13 gold dragon scales "Nieshraonn" (worn) {rPois rF+ rC+ Int+4}
   (You acquired it on level 11 of the Dungeon)

   It affects your intelligence (+4).
   It protects you from fire.
   It protects you from cold.
   It protects you from poison.
 e - a +5 large shield of reflection (worn)
 l - a +2 cloak (worn)
 C - the +0 large shield of the Thoughtful Cities {+Inv MP+9 Stlth+}
   (You took it off a balrug in Pandemonium)

   It affects your magic capacity (+9).
   It lets you turn invisible.
   It makes you more stealthy.
 O - the +2 hat of the Bear Spirit (worn) {Spirit, +Rage rN+ MR++}
   (You found it on level 5 of the Pits of Slime)

   It protects you from negative energy.
   It affects your resistance to hostile enchantments.
   It lets you go berserk.
 V - a +2 shield of fire resistance
Jewellery
 k - the ring of Aseomiaj (left claw) {rC+ MP+9}
   (You bought it in a shop on level 4 of the Depths)

   [ring of magical power]

   It protects you from cold.
   It affects your magic capacity (+9).
 w - an uncursed amulet of the acrobat
 z - the ring of Cuhipojun {rF+ Stlth+}
   (You found it in Pandemonium)

   [ring of stealth]

   It protects you from fire.
   It makes you more stealthy.
 U - the amulet of the Four Winds (around neck) {rN+ MR+++ Clar}
   (You found it on level 7 of Tartarus)

   [amulet of nothing]

   It protects you from negative energy.
   It affects your resistance to hostile enchantments.
   It protects you against confusion.
 Y - an uncursed ring of resist corrosion
 Z - a +5 ring of slaying (right claw)
Wands
 s - a wand of flame (143)
 v - a wand of disintegration (66)
 x - a wand of paralysis (63)
 F - a wand of iceblast (70)
 Q - a wand of polymorph (13)
 R - a wand of scattershot (19)
 S - a wand of digging (19)
 T - a wand of acid (38)
 X - a wand of enslavement (17)
Scrolls
 a - 4 scrolls of brand weapon
 c - 4 scrolls of enchant armour
 h - 2 scrolls of silence
 m - 14 scrolls of magic mapping
 n - 8 scrolls of teleportation
 r - 19 scrolls of remove curse
 t - 9 scrolls of fear
 y - 6 scrolls of blinking
 A - 11 scrolls of enchant weapon
 B - 2 scrolls of holy word
 E - 6 scrolls of fog
 I - 24 scrolls of identify
 K - 16 scrolls of amnesia
 W - 2 scrolls of summoning
Potions
 f - 17 potions of brilliance
 g - 25 potions of curing
 i - 6 potions of berserk rage
 j - 10 potions of ambrosia
 p - 4 potions of heal wounds
 q - 5 potions of might
 u - 8 potions of agility
 D - 4 potions of mutation
 G - 16 potions of haste
 H - 6 potions of cancellation
 J - 4 potions of resistance
 M - 5 potions of magic
 N - 8 potions of flight
Comestibles
 b - 59 rations


   Skills:
 O Level 27 Fighting
 * Level 22.2 Armour
 - Level 23.0 Dodging
 - Level 1.0 Stealth
 - Level 23.0 Shields
 O Level 27 Unarmed Combat
 - Level 22.0 Invocations


You had 26 spell levels left.
You didn't know any spells.
Your spell library contained the following spells:

 Spells                   Type           Power        Failure   Level  Hunger
 Animate Skeleton         Necr           N/A          97%         1    ##.....
 Apportation              Tloc           #.....       97%         1    ##.....
 Beastly Appendage        Tmut           #.....       97%         1    ##.....
 Confusing Touch          Hex            #.....       97%         1    ##.....
 Corona                   Hex            #......      97%         1    ##.....
 Flame Tongue             Conj/Fire      #....        97%         1    ##.....
 Freeze                   Ice            #...         97%         1    ##.....
 Infusion                 Chrm           #...         97%         1    ##.....
 Magic Dart               Conj           #...         97%         1    ##.....
 Pain                     Necr           #...         97%         1    ##.....
 Sandblast                Erth           #.....       97%         1    ##.....
 Shock                    Conj/Air       #...         97%         1    ##.....
 Sting                    Conj/Pois      #...         97%         1    ##.....
 Summon Small Mammal      Summ           #...         97%         1    ##.....
 Blink                    Tloc           N/A          99%         2    ###....
 Call Imp                 Summ           #.......     99%         2    ###....
 Corpse Rot               Necr           N/A          99%         2    ###....
 Ensorcelled Hibernation  Hex/Ice        #.....       99%         2    ###....
 Passwall                 Tmut/Erth      #.......     99%         2    ###....
 Poisonous Vapours        Pois/Air       #.....       99%         2    ###....
 Searing Ray              Conj           #.....       99%         2    ###....
 Shroud of Golubria       Chrm/Tloc      #.....       99%         2    ###....
 Slow                     Hex            #.......     99%         2    ###....
 Song of Slaying          Chrm           #.......     99%         2    ###....
 Sticks to Snakes         Tmut           #.......     99%         2    ###....
 Sublimation of Blood     Necr           #.........   99%         2    ###....
 Swiftness                Chrm/Air       #.......     99%         2    ###....
 Throw Flame              Conj/Fire      #.....       99%         2    ###....
 Throw Frost              Conj/Ice       #.....       99%         2    ###....
 Call Canine Familiar     Summ           #.......     100%        3    ####...
 Confuse                  Hex            #.......     100%        3    ####...
 Conjure Flame            Conj/Fire      #.......     100%        3    ####...
 Dazzling Spray           Conj/Hex       #.....       100%        3    ####...
 Gell's Gravitas          Tloc           #.........   100%        3    ####...
 Ignite Poison            Fire/Tmut/Pois #.......     100%        3    ####...
 Inner Flame              Hex/Fire       #.......     100%        3    ####...
 Lesser Beckoning         Tloc           #.........   100%        3    ####...
 Mephitic Cloud           Conj/Pois/Air  #.......     100%        3    ####...
 Ozocubu's Armour         Chrm/Ice       #.......     100%        3    ####...
 Portal Projectile        Hex/Tloc       #.....       100%        3    ####...
 Recall                   Summ/Tloc      N/A          100%        3    ####...
 Regeneration             Chrm/Necr      #.........   100%        3    ####...
 Spectral Weapon          Hex/Chrm       #.......     100%        3    ####...
 Spider Form              Tmut/Pois      #.........   100%        3    ####...
 Static Discharge         Conj/Air       #.......     100%        3    ####...
 Summon Guardian Golem    Hex/Summ       #.......     100%        3    ####...
 Teleport Other           Tloc           #.......     100%        3    ####...
 Tukima's Dance           Hex            #.......     100%        3    ####...
 Vampiric Draining        Necr           #.........   100%        3    ####...
 Airstrike                Air            #.........   100%        4    #####..
 Animate Dead             Necr           N/A          100%        4    #####..
 Cause Fear               Hex            #.........   100%        4    #####..
 Force Lance              Conj/Tloc      #.......     100%        4    #####..
 Fulminant Prism          Conj/Hex       #.........   100%        4    #####..
 Ice Form                 Ice/Tmut       #.......     100%        4    #####..
 Iskenderun's Mystic Bla  Conj           #.......     100%        4    #####..
 Leda's Liquefaction      Hex/Erth       #.........   100%        4    #####..
 Olgreb's Toxic Radiance  Pois           #.......     100%        4    #####..
 Passage of Golubria      Tloc           N/A          100%        4    #####..
 Petrify                  Tmut/Erth      #.......     100%        4    #####..
 Sticky Flame             Conj/Fire      #.......     100%        4    #####..
 Summon Ice Beast         Ice/Summ       #.......     100%        4    #####..
 Summon Lightning Spire   Summ/Air       #.......     100%        4    #####..
 Throw Icicle             Conj/Ice       #.......     100%        4    #####..
 Agony                    Necr           #.......     100%        5    ######.
 Alistair's Intoxication  Tmut/Pois      #.......     100%        5    ######.
 Aura of Abjuration       Summ           #.........   100%        5    ######.
 Blade Hands              Tmut           #.........   100%        5    ######.
 Bolt of Draining         Conj/Necr      #.........   100%        5    ######.
 Bolt of Magma            Conj/Fire/Erth #.........   100%        5    ######.
 Borgnjor's Vile Clutch   Necr/Erth      #.........   100%        5    ######.
 Dispel Undead            Necr           #.......     100%        5    ######.
 Excruciating Wounds      Chrm/Necr      #.........   100%        5    ######.
 Fireball                 Conj/Fire      #.........   100%        5    ######.
 Irradiate                Conj/Tmut      #.........   100%        5    ######.
 Iskenderun's Battlesphe  Conj/Chrm      #.......     100%        5    ######.
 Lee's Rapid Deconstruct  Erth           #.........   100%        5    ######.
 Lightning Bolt           Conj/Air       #.........   100%        5    ######.
 Metabolic Englaciation   Hex/Ice        #.........   100%        5    ######.
 Silence                  Hex/Air        #.........   100%        5    ######.
 Summon Demon             Summ           #.........   100%        5    ######.
 Summon Forest            Summ/Tloc      #.........   100%        5    ######.
 Summon Mana Viper        Hex/Summ       #.......     100%        5    ######.
 Venom Bolt               Conj/Pois      #.........   100%        5    ######.
 Yara's Violent Unravell  Hex/Tmut       #.........   100%        5    ######.
 Bolt of Cold             Conj/Ice       #.........   100%        6    #######
 Bolt of Fire             Conj/Fire      #.........   100%        6    #######
 Conjure Ball Lightning   Conj/Air       #.........   100%        6    #######
 Darkness                 Hex            #.........   100%        6    #######
 Death Channel            Necr           #.........   100%        6    #######
 Freezing Cloud           Conj/Ice/Air   #.........   100%        6    #######
 Hydra Form               Tmut           #.........   100%        6    #######
 Invisibility             Hex            #.......     100%        6    #######
 Iron Shot                Conj/Erth      #.........   100%        6    #######
 Ozocubu's Refrigeration  Ice            #.........   100%        6    #######
 Poison Arrow             Conj/Pois      #.........   100%        6    #######
 Shadow Creatures         Summ           N/A          100%        6    #######
 Simulacrum               Ice/Necr       #.........   100%        6    #######
 Statue Form              Tmut/Erth      #........    100%        6    #######
 Dragon Form              Tmut           #.........   100%        7    #######
 Haunt                    Necr/Summ      #.........   100%        7    #######
 Orb of Destruction       Conj           #.........   100%        7    #######
 Ring of Flames           Chrm/Fire      #.........   100%        7    #######
 Spellforged Servitor     Conj/Summ      #.........   100%        7    #######
 Borgnjor's Revivificati  Necr           #.........   100%        8    #######
 Chain Lightning          Conj/Air       #.........   100%        8    #######
 Death's Door             Chrm/Necr      #.........   100%        8    #######
 Ignition                 Fire           #.........   100%        8    #######
 Infestation              Necr           #.........   100%        8    #######
 Lehudib's Crystal Spear  Conj/Erth      #.........   100%        8    #######
 Necromutation            Tmut/Necr      #.........   100%        8    #######
 Dragon's Call            Summ           #.........   100%        9    #######
 Fire Storm               Conj/Fire      #.........   100%        9    #######
 Glaciate                 Conj/Ice       #.........   100%        9    #######
 Shatter                  Erth           #.........   100%        9    #######
 Tornado                  Air            #.........   100%        9    #######


Dungeon Overview and Level Annotations

Branches:
Dungeon (15/15)            Temple (1/1) D:4            Lair (6/6) D:10
 Shoals (4/4) Lair:4       Spider (4/4) Lair:4        Slime (5/5) Lair:5
    Orc (2/2) D:12            Elf (3/3) Orc:2        Vaults (5/5) D:14
  Crypt (3/3) Vaults:3       Tomb (0/3) Crypt:3      Depths (5/5) D:15
   Hell (visited)             Dis (0/7) Hell            Geh (7/7) Hell
    Coc (7/7) Hell            Tar (7/7) Hell            Zot (5/5) Depths:5
  IceCv (visited)         Gauntlet (visited)

Altars:
Ashenzari
Cheibriados
Dithmenos
Elyvilon
Fedhas
Gozag
Hepliaklqana
Kikubaaqudgha
Makhleb
Nemelex Xobeh
Okawaru
Qazlal
Ru
Sif Muna
Trog
Uskayaw
Vehumet
Wu Jian
Xom
Yredelemnul
Zin
The Shining One
Beogh
Jiyva

Shops:
D:5 ![**   D:6 [   Orc:2 :([   Elf:3 (   Vaults:1 ?::!   Depths:3 %
Depths:4 =}=

Portals:
Hell: Depths:1* Depths:2 Depths:3 Depths:4 Depths:5
Abyss: Depths:2 Depths:3 Depths:4
Pandemonium: Depths:3 Depths:4
Ziggurat: Depths:3

Annotations:
Shoals:4 3 runed translucent doors, feelmyfire's ghost, adept DgTm
Pan Gloorx Vloq


Innate Abilities, Weirdness & Mutations

You are too large for most types of armour.
You have claws for hands.
Your metabolism is lightning-fast.
You like to eat raw meat.
Your natural rate of healing is unusually fast.
You are covered in fur. (AC +1)
You have extremely tough skin. (AC +3)
You have sharp toenails.
You are surrounded by a mild repulsion field. (EV +2)
You are partially covered in molten scales. (AC +2)
You often lose your temper in combat.
Scrolls take you much longer to read.
Your mind is acute. (Int +2)
You are clumsy. (Dex -2)
Your body sometimes deteriorates upon taking damage.
Your flesh is heat resistant. (rF+)
You are very frail. (-20% HP)
Your magical capacity is very low. (-20% MP)
You passively map a small area around you.
You occasionally shout uncontrollably at your foes.
You are very weak. (Str -4)
Potions are less effective at restoring your health.
Your spells are easier to cast, but less powerful.


Message History

You begin reading the scroll.
You continue reading the scroll.
You feel sick. You block the Executioner's attack. x3
The Executioner hits you but does no damage.
The Executioner barely misses you.
The Executioner hits you but does no damage.
You block Gloorx Vloq's attack. The Executioner completely misses you.
The Executioner hits you.
* * * LOW HITPOINT WARNING * * *
The Executioner hits you but does no damage.
Your angel hits the Executioner with a +1 sacred scourge of holy wrath!
The Executioner convulses!
The Executioner dies!
The Shining One accepts your kill.
The Executioner hits you but does no damage. x2
The Executioner misses you.
The flayed ghost cries, "Feel what I felt!"
The flayed ghost cries, "Suffer as I suffered!"
The vampire barely misses your angel. The vampire bites your angel!
Gloorx Vloq hits you!
You die...

, , * , * , # # #. #.
,#.#* , #.# #..#####, ,
,, * #... ...Ws,, ,
#.#.####s############+#
#.....@&zWZ............
#.#.#1#s#V#.#.#..#.#.#.
#.......A......^.......
#..$...................
#......................
###############..######
#####...A.#.)....
#................
#................


You could see Gloorx Vloq, an Executioner, 2 flayed ghosts, 3 demonic crawlers,
a curse skull, a vampire, a frost giant skeleton and a friendly angel.

Vanquished Creatures
  Cerebov (Pan)
  Antaeus (Coc:7)
  Asmodeus (Geh:7)
  Ereshkigal (Tar:7)
  the Royal Jelly (Slime:5)
  Dissolution (Slime:4)
  the Serpent of Hell (Coc:7)
  Mnoleg (Pan)
  7 ancient liches
  5 orbs of fire
  Mennas (Pan)
  2 juggernauts (Depths:4)
  The ghost of Axtol the Warrior, a veteran GrFi of the Shining One (Crypt:3)
  7 pandemonium lords (Pan)
  The ghost of Luroikhid the Merry Gargoyle, a legendary GrBe of the Shining One (Vaults:3)
  3 Killer Klowns
  Frederick (Depths:3)
  Margery (Depths:3)
  3 curse toes
  40 shard shrikes
  10 caustic shrikes
  Nikola (Depths:1)
  Geryon (Hell)
  10 golden dragons
  A profane servitor (Crypt:3)
  17 bone dragons
  34 Tzitzimimeh
  35 Brimstone Fiends
  12 doom hounds
  6 electric golems
  Jorgrun (Elf:1)
  4 Hell Sentinels (Pan)
  18 tentacled monstrosities
  11 liches
  22 Ice Fiends
  25 Orb Guardians
  Asterion (Spider:1)
  3 deep elf blademasters (Elf:2)
  7 quicksilver dragons
  4 titans
  9 ancient champions
  17 Executioners
  17 acid blobs
  2 deep elf master archers
  9 eldritch tentacles
  3 sphinxes
  Polyphemus (Shoals:3)
  A tentacled starspawn (Abyss:3)
  3 krakens
  The ghost of Ibuvvups the Grappler, an adept TrFi of Ru (Spider:1)
  10 death cobs
  Kirke (Lair:4)
  8 tengu reavers
  14 storm dragons
  15 shadow dragons
  5 draconian monks
  2 revenants (Crypt:3)
  13 fire giants
  A daeva (Pan)
  20 azure jellies
  15 frost giants
  5 blood saints (Pan)
  An iron dragon (Hell)
  Roxanne (Spider:1)
  10 deep elf sorcerers
  5 draconian shifters
  9 ghost moths
  3 draconian knights
  The ghost of gentoosiast the Scorcher, a journeyman DrFE of Ashenzari (Lair:6)
  38 balrugs
  13 vault wardens
  9 emperor scorpions
  A curse skull (Crypt:1)
  4 warmongers (Pan)
  21 cacodemons
  2 draconian stormcallers
  Louise (Depths:3)
  3 draconian scorchers
  6 ghouls
  An orc warlord (Vaults:2)
  66 reapers
  A caustic shrike zombie (Crypt:1)
  A deep elf elementalist (Vaults:5)
  4 war gargoyles (Vaults:5)
  3 spriggan defenders (Depths:4)
  30 very ugly things
  3 elemental wellsprings
  13 stone giants
  16 ironheart preservers
  3 entropy weavers
  4 draconian annihilators
  9 green draconians
  6 corrupters (Pan)
  9 black draconians
  6 lorocyprocas
  Nessos (Lair:4)
  13 vampire knights
  11 deep elf annihilators
  4 black suns (Pan)
  11 deep elf demonologists
  8 white draconians
  9 red draconians
  A dire elephant (D:15)
  2 minotaurs
  10 yellow draconians
  5 spark wasps
  12 purple draconians
  An eidolon (Crypt:2)
  19 ettins
  17 deep elf death magi
  Snorg (D:10)
  42 blizzard demons
  2 merfolk javelineers
  The ghost of emiel the Blocker, a journeyman FoBe of Trog (Lair:1)
  6 green deaths
  19 jiangshi
  11 fire dragons
  A spectral kraken (Tar:7)
  A crystal guardian (Vaults:4)
  2 mummy priests (Crypt:3)
  7 merfolk impalers
  17 yaktaur captains
  5 death oozes
  2 kraken zombies
  8 ogre magi
  3 monstrous demonspawn (Pan)
  8 deep elf high priests
  12 great orbs of eyes
  25 vault guards
  4 quicksilver dragon zombies
  2 rakshasas (Depths:1)
  Harold (D:7)
  40 ice dragons
  A hell beast (Pan)
  4 quicksilver dragon skeletons
  6 hydras
  5 merfolk avatars
  A shambling mangrove (Abyss:4)
  4 catoblepae
  3 spriggan air magi
  5 ghost crabs
  An anaconda (Lair:6)
  Erica (D:10)
  2 alligator snapping turtles
  8 centaur warriors
  2 merfolk aquamancers
  An anaconda (shapeshifter) (Depths:3)
  29 two-headed ogres
  2 satyrs
  21 dancing weapons
  27 death yaks
  A death knight (Vaults:4)
  5 deep troll shamans
  14 vampire magi
  4 tengu warriors
  36 hell hogs
  6 deep troll earth magi
  2 thrashing horrors (Abyss:4)
  An orc high priest (Orc:2)
  A spriggan berserker (Depths:4)
  40 soul eaters
  9 titan skeletons
  21 deep elf knights
  8 storm dragon zombies
  A wretched star (Abyss:3)
  An iron golem (Geh:4)
  4 titan zombies
  Sonja (Lair:5)
  58 sun demons
  2 shadow wraiths
  84 hell knights
  19 sixfirhies
  8 golden dragon zombies
  148 skeletal warriors
  4 iron trolls
  A small abomination (Elf:3)
  23 anaconda zombies
  A spatial maelstrom (Abyss:4)
  7 glowing orange brains
  A death drake (Tar:5)
  18 deep trolls
  5 storm dragon skeletons
  39 shadow demons
  12 flayed ghosts
  10 shadow dragon zombies
  4 torturous demonspawn (Pan)
  2 unseen horrors (shapeshifter)
  11 gelid demonspawn (Pan)
  4 unseen horrors
  A kraken simulacrum (Coc:1)
  7 golden dragon skeletons
  6 ghost moth zombies
  2 obsidian statues
  An orange crystal statue (Zot:5)
  7 wolf spider zombies
  14 sea snakes
  28 phantasmal warriors
  3 wizards
  18 deep elf archers
  6 infernal demonspawn (Pan)
  3 tengu zombies
  10 anaconda skeletons
  59 deep elf magi
  28 necromancers
  11 orc knights
  18 ironbrand convokers
  18 stone giant zombies
  10 frost giant zombies
  44 wolf spiders
  8 fire giant zombies
  27 harpies
  2 sphinx zombies
  48 ugly things
  8 iron dragon zombies
  5 salamanders (Geh:7)
  6 orc sorcerers
  8 shining eyes
  A worldbinder (Abyss:3)
  A mana viper (shapeshifter) (Depths:1)
  An oklob plant (Lair:5)
  16 orb spiders
  9 shadow dragon skeletons
  20 moths of wrath
  8 elephants
  A faun (shapeshifter) (Vaults:2)
  A moth of wrath (shapeshifter) (Vaults:5)
  16 cyclopes
  A cyclops (shapeshifter) (Vaults:2)
  19 fauns
  10 manticores
  12 fire giant skeletons
  A shock serpent zombie (Coc:5)
  13 stone giant skeletons
  7 dire elephant zombies
  3 centaur zombies
  8 rust devils
  13 vault sentinels
  9 merfolk sirens
  A naga mage (D:15)
  A spriggan zombie (Depths:3)
  4 black mambas
  3 water nymphs
  A water nymph (shapeshifter) (Vaults:5)
  5 ice statues
  6 iron dragon skeletons
  6 human skeletons
  35 smoke demons
  An apocalypse crab (Abyss:4)
  11 frost giant skeletons
  Psyche (D:11)
  23 spiny frogs
  2 torpor snails
  8 spectral swamp worms (Tar:7)
  12 molten gargoyles (Geh:7)
  8 dire elephant skeletons
  15 orange demons
  An iron troll zombie (Crypt:3)
  2 gargoyles
  2 kobold demonologists
  2 komodo dragons (shapeshifter)
  52 yaktaurs
  2 titan simulacra
  2 rime drakes
  51 freezing wraiths
  3 emperor scorpion zombies
  27 hellions
  A yaktaur (shapeshifter) (Vaults:2)
  9 efreet
  3 human zombies
  3 anaconda simulacra
  54 ice devils
  10 hellwings
  39 hydra zombies
  A red draconian zombie (Geh:7)
  A minotaur zombie (Tar:5)
  49 tormentors
  8 komodo dragons
  An entropy weaver simulacrum (Vaults:2)
  A minotaur skeleton (Geh:6)
  23 demonic crawlers
  3 redback zombies
  2 trolls
  4 harpy zombies
  13 guardian mummies
  23 merfolk
  9 tengu conjurers
  A wind drake (shapeshifter) (Vaults:3)
  4 silent spectres
  2 polar bears (shapeshifter)
  45 red devils
  A jumping spider (shapeshifter) (Depths:1)
  36 jumping spiders
  A merfolk (shapeshifter) (Vaults:5)
  2 catoblepas skeletons
  10 meliai
  5 tyrant leeches (Lair:6)
  A spectral moth of wrath (Spider:1)
  10 harpy skeletons
  A tyrant leech (shapeshifter) (Vaults:5)
  3 raiju (Abyss:4)
  A raiju (shapeshifter) (Depths:1)
  A shadow dragon simulacrum (Coc:4)
  A hornet (shapeshifter) (D:13)
  15 hydra skeletons
  6 fire dragon zombies
  15 hornets
  A jumping spider zombie (Crypt:2)
  29 blink frogs
  A meliai zombie (D:15)
  6 snapping turtles
  4 wind drakes
  7 bog bodies
  A deep troll zombie (Hell)
  5 dream sheep
  2 wolf spider simulacra
  11 ettin zombies
  28 large abominations
  161 slime creatures
  10 alligator zombies
  4 stone giant simulacra
  17 ettin skeletons
  8 ice dragon zombies
  2 fire giant simulacra
  An iron dragon simulacrum (Crypt:1)
  12 hippogriffs
  A snapping turtle (shapeshifter) (Depths:4)
  An air elemental (Elf:2)
  6 spriggans
  2 black mamba zombies (Geh:7)
  10 fire dragon skeletons
  56 redbacks
  30 shadows
  41 tarantellas
  168 flying skulls
  6 vampires
  35 water elementals
  43 wraiths
  An ushabti (Crypt:3)
  2 wyverns (shapeshifter)
  31 ynoxinuls (Pan)
  5 alligator skeletons
  6 ice dragon skeletons
  5 wyverns
  27 yaks
  3 basilisks
  A steam dragon (shapeshifter) (Vaults:5)
  3 black mamba skeletons
  A hog (shapeshifter) (Vaults:5)
  Eustachio (D:6)
  3 elf zombies
  9 golden eyes
  10 chaos spawn (Pan)
  17 fire elementals
  4 hogs (Lair:4)
  2 fire bats (Geh:3)
  2 black draconian simulacra
  An emperor scorpion simulacrum (Spider:1)
  13 hungry ghosts
  5 wargs
  A redback simulacrum (Spider:1)
  22 neqoxecs (Pan)
  A harpy simulacrum (Coc:7)
  2 spectral orb spiders (Spider:1)
  24 vampire mosquitoes
  An infernal demonspawn zombie (Geh:1)
  2 spatial vortices (Tar:7)
  2 swamp worms (shapeshifter)
  A water moccasin (shapeshifter) (Vaults:5)
  A torturous demonspawn zombie (Tar:7)
  16 spiny frog zombies
  An acid dragon (Vaults:1)
  2 soldier ants
  A merfolk zombie (Geh:4)
  2 floating eyes
  A monstrous demonspawn skeleton (Crypt:2)
  8 water moccasins
  4 porcupines
  36 hell hounds
  3 hydra simulacra
  A floating eye (shapeshifter) (Vaults:2)
  A moth of wrath simulacrum (Spider:1)
  3 jumping spider simulacra (Spider:1)
  48 orc warriors
  A fire dragon simulacrum (Coc:5)
  32 ice beasts
  4 manticore zombies
  A merfolk skeleton (Geh:7)
  8 phantoms
  5 black bears
  2 ice dragon simulacra
  4 spiny frog skeletons
  3 wolves (Lair:6)
  3 sky beasts
  2 alligator simulacra
  2 ettin simulacra
  8 eyes of draining
  34 necrophages
  A snapping turtle zombie (Coc:3)
  A swamp dragon zombie (Geh:7)
  A wolf (shapeshifter) (Depths:2)
  A boggart (Depths:2)
  A tengu (shapeshifter) (Vaults:4)
  16 crocodiles
  32 ogres
  3 swamp dragon skeletons
  8 snapping turtle skeletons
  14 centaurs
  A manticore skeleton (Coc:2)
  3 big kobolds
  A yaktaur zombie (Crypt:2)
  3 elf skeletons
  31 bullfrogs
  2 gnoll sergeants
  2 earth elementals
  3 spiny frog simulacra
  A wyvern zombie (D:8)
  A glowing shapeshifter simulacrum (Vaults:3)
  2 scorpions
  2 troll zombies
  A polar bear zombie (Crypt:1)
  A water moccasin skeleton (D:8)
  9 killer bees
  A warg skeleton (Crypt:1)
  2 snapping turtle simulacra
  8 electric eels
  105 wights
  2 howler monkeys
  2 bullfrog zombies
  A lava snake (D:11)
  18 crimson imps
  A human simulacrum (Vaults:2)
  3 quasits
  11 jellies
  29 orc wizards
  A bullfrog skeleton (D:4)
  18 orc priests
  6 hounds
  2 iron imps
  11 centaur skeletons
  9 worker ants
  3 iguanas
  2 hell rats (Lair:6)
  A lightning spire (Zot:2)
  An ogre zombie (Geh:7)
  A crocodile skeleton (Crypt:2)
  A deep dwarf skeleton (Crypt:2)
  A tengu skeleton (Crypt:3)
  7 mummies
  A worker ant zombie (D:5)
  11 gnolls
  11 adders
  A howler monkey skeleton (Crypt:3)
  9 river rats (Lair:6)
  A swamp drake skeleton (Crypt:2)
  21 shadow imps
  38 white imps
  An ufetubus (Depths:4)
  5 oozes
  4 worms
  A dart slug (D:2)
  4 leopard geckos
  115 orcs
  A ball python (D:1)
  4 giant cockroaches
  13 hobgoblins
  2 jackals (D:6)
  21 kobolds
  6 quokkas
  8 bats
  2 frilled lizards
  13 goblins
  3 kobold skeletons
  A kobold zombie (Coc:7)
  An orc zombie (Geh:5)
  8 rats
  A bush (Lair:5)
  3 crawling corpses (Vaults:5)
  6 fire vortices
  17 tentacles
5017 creatures vanquished.

Vanquished Creatures (collateral kills)
  Saint Roka (Orc:2)
  2 Tzitzimimeh (Tar:7)
  A Brimstone Fiend (Geh:7)
  An Ice Fiend (Pan)
  2 titans
  5 Executioners (Pan)
  5 cacodemons (Pan)
  4 reapers
  5 balrugs (Pan)
  A warmonger (Pan)
  3 vampire knights
  A lorocyproca (Pan)
  2 spark wasps (Depths:4)
  2 blizzard demons (Coc:7)
  A spectral kraken (Tar:7)
  A monstrous demonspawn (Pan)
  A vault guard (Vaults:5)
  A ghost crab (Tar:7)
  A death yak (Shoals:2)
  A hell hog (Geh:7)
  3 dancing weapons (Elf:2)
  A deep troll earth mage (Depths:3)
  9 sun demons
  A titan skeleton (Pan)
  A soul eater (Pan)
  4 deep elf knights
  9 sixfirhies (Pan)
  2 skeletal warriors (Tar:7)
  A gelid demonspawn (Pan)
  An infernal demonspawn (Pan)
  A flayed ghost (Depths:4)
  A deep elf archer (Elf:3)
  2 shadow demons
  2 torturous demonspawn (Pan)
  A phantasmal warrior (Tar:7)
  A wolf spider zombie (Tar:7)
  A deep elf mage (Elf:3)
  A necromancer (Geh:7)
  A frost giant skeleton (Pan)
  4 smoke demons
  A catoblepas zombie (Geh:7)
  A dire elephant zombie (Tar:7)
  6 orange demons (Pan)
  A storm dragon simulacrum (Depths:3)
  An emperor scorpion zombie (Geh:7)
  2 hellions
  7 large abominations (Pan)
  4 spectral swamp worms (Tar:7)
  A small abomination (Vaults:5)
  3 tormentors
  A hellwing (Pan)
  A silent spectre (Tar:7)
  9 red devils
  A sphinx simulacrum (Depths:3)
  A fire dragon zombie (Hell)
  An ice dragon zombie (Hell)
  11 flying skulls (Tar:7)
  2 ice dragon skeletons
  An air elemental (Elf:3)
  2 redbacks (Spider:1)
  2 water elementals (Depths:3)
  A fire dragon skeleton (Geh:7)
  A wraith (Geh:7)
  A tarantella (Spider:1)
  2 shadows
  3 ynoxinuls (Pan)
  A spatial vortex (Tar:7)
  2 neqoxecs (Pan)
  A hell hound (Tar:7)
  An orc warrior (Orc:2)
  A necrophage (Tar:7)
  A shadow imp (Tar:7)
  4 orcs (Orc:2)
  A tentacle (Tar:7)
167 creatures vanquished.

Vanquished Creatures (others)
  An eldritch tentacle (Coc:5)
  A fire giant (Depths:2)
  An elemental wellspring (Coc:4)
  A black sun (Pan)
  An ettin (Depths:1)
  An ogre mage (Depths:1)
  A dancing weapon (Elf:3)
  3 hell hogs
  A deep elf knight (Vaults:5)
  A shadow dragon zombie (Geh:7)
  A deep elf mage (Elf:1)
  Maurice (Orc:2)
  3 flying skulls
  A shadow (Geh:4)
  2 chaos spawn (Pan)
  A spatial vortex (Abyss:4)
  5 wights
  A crimson imp (Geh:4)
  An orc priest (Orc:2)
  2 mummies (Coc:7)
  5 white imps (Geh:4)
  A ball lightning (Zot:5)
  An orc (Orc:2)
  12 fungi (Lair:6)
  55 plants
  6 starspawn tentacles (Abyss:3)
  51 tentacles
  A withered plant (Crypt:3)
162 creatures vanquished.

Grand Total: 5346 creatures vanquished

Notes
Turn   | Place    | Note
-------+----------+-------------------------------------------
     0 | D:1      | tmwh the Troll Monk began the quest for the Orb.
     0 | D:1      | Reached XP level 1. HP: 22/22 MP: 0/0
   306 | D:1      | Reached XP level 2. HP: 24/29 MP: 1/1
   659 | D:1      | Reached XP level 3. HP: 37/37 MP: 2/2
   996 | D:2      | Noticed an ogre
  1641 | D:2      | Reached XP level 4. HP: 27/46 MP: 3/3
  1867 | D:3      | Noticed a bullfrog
  1884 | D:3      | Found a shimmering blue altar of Sif Muna.
  1897 | D:3      | Killed a bullfrog
  1921 | D:3      | Found a blossoming altar of Fedhas.
  1921 | D:3      | Found a bloodstained altar of Trog.
  1922 | D:3      | Found a glowing silver altar of Zin.
  1957 | D:3      | Reached XP level 5. HP: 54/54 MP: 4/4
  2145 | D:3      | Found a faded altar of an unknown god.
  2526 | D:4      | Found a staircase to the Ecumenical Temple.
  2533 | Temple   | Entered the Ecumenical Temple
  2630 | Temple   | Became a worshipper of the Shining One
  2630 | Temple   | Reached * piety under the Shining One
  2630 | Temple   | Reached ** piety under the Shining One
  2878 | D:4      | Noticed an ogre
  2880 | D:4      | Killed an ogre
  2880 | D:4      | Reached XP level 6. HP: 65/65 MP: 5/5
  2886 | D:4      | Reached skill level 5 in Fighting
  3039 | D:4      | Noticed a hungry ghost
  3056 | D:4      | Killed a hungry ghost
  3056 | D:4      | Reached skill level 5 in Unarmed Combat
  3056 | D:4      | Reached XP level 7. HP: 72/72 MP: 6/6
  3968 | D:5      | Entered Level 5 of the Dungeon
  4157 | D:5      | Reached XP level 8. HP: 59/84 MP: 7/7
  4249 | D:5      | Found Gour Pyxt's General Store.
  4295 | D:5      | Found Ekhefov's Armour Shop.
  4312 | D:5      | Found Enkenkyt's General Store.
  4452 | D:5      | Found Pasiop's Distillery.
  4460 | D:5      | Bought a potion of heal wounds for 70 gold pieces
  4460 | D:5      | Bought a potion of curing for 42 gold pieces
  5036 | D:6      | Found a hide-covered altar of Uskayaw.
  5074 | D:6      | Found Ephuopp's Armour Boutique.
  5200 | D:6      | You fall into a shaft and drop 1 floor!
  5201 | D:7      | Noticed a hippogriff
  5204 | D:7      | Killed a hippogriff
  5302 | D:7      | Reached XP level 9. HP: 97/97 MP: 8/8
  5547 | D:6      | Found a burning altar of Makhleb.
  5548 | D:6      | Found a hazy altar of Hepliaklqana.
  5579 | D:6      | Found an iron altar of Okawaru.
  5767 | D:6      | Noticed Eustachio
  5793 | D:6      | Killed Eustachio
  6053 | D:6      | Reached *** piety under the Shining One
  6122 | D:7      | Noticed Harold
  6226 | D:7      | Found a transporter.
  6849 | D:7      | Found a transporter.
  6858 | D:7      | Noticed a kobold demonologist
  6963 | D:7      | Noticed a kobold demonologist
  7135 | D:7      | Killed Harold
  7135 | D:7      | Reached skill level 10 in Fighting
  7236 | D:7      | Reached XP level 10. HP: 110/110 MP: 9/9
  8129 | D:9      | Found a sparkling altar of Nemelex Xobeh.
  8177 | D:9      | Reached **** piety under the Shining One
  8370 | D:9      | Noticed a skeletal warrior
  8386 | D:9      | Killed a skeletal warrior
  8386 | D:9      | Reached skill level 10 in Unarmed Combat
  8410 | D:9      | Noticed a skeletal warrior
  8411 | D:9      | Noticed a skeletal warrior
  8411 | D:9      | Noticed a skeletal warrior
  8545 | D:9      | Noticed a skeletal warrior
  8688 | D:8      | Killed a skeletal warrior
  8696 | D:9      | Killed a skeletal warrior
  8701 | D:9      | Killed a skeletal warrior
  8701 | D:9      | Reached XP level 11. HP: 41/120 MP: 10/10
  8740 | D:9      | Killed a skeletal warrior
  9136 | D:10     | Entered Level 10 of the Dungeon
  9243 | D:10     | Found a staircase to the Lair.
  9285 | D:10     | Found a burning altar of Makhleb.
  9664 | D:10     | Noticed Snorg
  9678 | D:10     | Killed Snorg
  9920 | D:10     | Found a white marble altar of Elyvilon.
 10206 | D:11     | Noticed Erica
 10218 | D:10     | Killed Erica
 10405 | D:11     | Noticed a brown ugly thing
 10557 | D:11     | Noticed a two-headed ogre
 10566 | D:11     | Killed a two-headed ogre
 10738 | D:11     | Noticed Psyche
 10744 | D:11     | Killed Psyche
 10876 | D:11     | Reached ***** piety under the Shining One
 11297 | D:12     | Reached XP level 12. HP: 130/130 MP: 11/11
 11423 | D:11     | Identified a scroll of acquirement
 11432 | D:11     | Got faintly glowing gold dragon scales
 11443 | D:11     | Identified the +13 gold dragon scales "Nieshraonn" {rPois
                  | rF+ rC+ Int+4} (You acquired it on level 11 of the Dungeon)
 11869 | D:12     | Noticed a seven-headed hydra
 11879 | D:12     | Killed a 12-headed hydra
 11879 | D:12     | Reached skill level 15 in Unarmed Combat
 12007 | D:12     | Reached skill level 1 in Armour
 12009 | D:12     | Found a staircase to the Orcish Mines.
 12595 | D:13     | Noticed a centaur warrior
 12606 | D:13     | Killed a centaur warrior
 12658 | D:13     | Reached skill level 5 in Armour
 12859 | D:13     | Noticed a tengu warrior
 12886 | D:13     | Killed a tengu warrior
 13009 | D:13     | Noticed a centaur warrior
 13016 | D:13     | Killed a centaur warrior
 13314 | D:13     | Noticed a fire dragon
 13338 | D:13     | Killed a fire dragon
 13338 | D:13     | Reached XP level 13. HP: 118/137 MP: 12/12
 13748 | D:14     | Reached ****** piety under the Shining One
 14314 | D:14     | Found a gate to the Vaults.
 14314 | D:14     | Noticed an ironheart preserver
 14325 | D:14     | Killed an ironheart preserver
 14385 | D:14     | Reached skill level 10 in Armour
 15235 | D:15     | Entered Level 15 of the Dungeon
 15776 | D:15     | Noticed a dire elephant
 15797 | D:15     | Killed a dire elephant
 15880 | D:15     | Found a staircase to the Depths.
 16175 | D:15     | Reached XP level 14. HP: 146/146 MP: 13/13
 16446 | D:15     | Found a shimmering altar of Xom.
 16773 | D:15     | Found a shimmering blue altar of Sif Muna.
 17140 | Lair:1   | Entered Level 1 of the Lair of Beasts
 17771 | Lair:1   | Found a runed translucent gate.
 17772 | Lair:1   | Found a runed translucent gate.
 17773 | Lair:1   | Found a runed translucent gate.
 17779 | Lair:1   | Noticed emiel's ghost (journeyman FoBe)
 17781 | Lair:1   | Found a viscous altar of Jiyva.
 17871 | Lair:2   | Reached skill level 1 in Invocations
 19048 | Lair:3   | Found a frozen archway.
 19102 | IceCv    | Entered an ice cave
 19434 | IceCv    | Reached skill level 5 in Invocations
 19624 | IceCv    | Got heavily runed ice dragon scales
 19667 | Lair:3   | Identified the +7 ice dragon scales of Too Many Cooks
                  | {+Blink rF- rC++ Slay+5} (You found it in an ice cave)
 20623 | Lair:4   | Found a hole to the Spider Nest.
 20781 | Lair:4   | Noticed Kirke
 20813 | Lair:4   | Killed Kirke
 21040 | Lair:4   | Noticed Nessos
 21055 | Lair:4   | Killed Nessos
 21276 | Lair:4   | Found a staircase to the Shoals.
 21509 | Lair:5   | Found a runed translucent door.
 21509 | Lair:5   | Found a viscous altar of Jiyva.
 21510 | Lair:5   | Found a staircase to the Slime Pits.
 21534 | Lair:5   | Noticed Sonja
 21543 | Lair:5   | Killed Sonja
 21609 | Lair:5   | Found a gate leading to a gauntlet.
 21622 | Gauntlet | Entered a Gauntlet
 21622 | Gauntlet | Found a transporter.
 21632 | Gauntlet | Found a transporter.
 21632 | Gauntlet | Found a transporter.
 21640 | Gauntlet | Found a transporter.
 21642 | Gauntlet | Found a transporter.
 21660 | Gauntlet | Found a transporter.
 21667 | Gauntlet | Found a runed translucent gate.
 21668 | Gauntlet | Found a transporter.
 21668 | Gauntlet | Found a runed translucent gate.
 21669 | Gauntlet | Found a runed translucent gate.
 21678 | Gauntlet | Found a transporter.
 21688 | Gauntlet | Found a transporter.
 21702 | Gauntlet | Found a transporter.
 21710 | Gauntlet | Found a runed translucent door.
 21714 | Gauntlet | Found a transporter.
 21714 | Gauntlet | Found a transporter.
 21717 | Gauntlet | Found a runed translucent door.
 21725 | Gauntlet | Found a runed translucent door.
 21836 | Gauntlet | Got a translucent glass ring
 21837 | Gauntlet | Identified the ring "Mimpipia" {Wiz rPois rF+ MR- Int+5}
                  | (You found it in a Gauntlet)
 21891 | Gauntlet | Found a transporter.
 21942 | Gauntlet | Got an encrusted cloak
 21954 | Gauntlet | Reached XP level 15. HP: 142/153 MP: 20/20
 22297 | Lair:5   | Identified the cursed -3 cloak "Fytoetob" {+Inv SInv} (You
                  | found it in a Gauntlet)
 23311 | Lair:5   | Found a bloodstained altar of Trog.
 23708 | Lair:6   | Entered Level 6 of the Lair of Beasts
 24438 | Lair:6   | Reached skill level 10 in Invocations
 24615 | Lair:6   | Noticed gentoosiast's ghost (journeyman DrFE)
 24626 | Lair:6   | Found a runed translucent gate.
 24626 | Lair:6   | Found a runed translucent gate.
 24673 | Lair:6   | Found a runed translucent gate.
 25134 | Orc:1    | Entered Level 1 of the Orcish Mines
 25508 | Orc:2    | Entered Level 2 of the Orcish Mines
 25520 | Orc:2    | Reached XP level 16. HP: 162/162 MP: 22/22
 25791 | Orc:2    | Found a roughly hewn altar of Beogh.
 25791 | Orc:2    | Found Ewnikis's Book Boutique.
 25971 | Orc:2    | Found a staircase to the Elven Halls.
 25976 | Orc:2    | Noticed Maurice
 25991 | Orc:2    | Killed Maurice
 26183 | Orc:2    | Found a roughly hewn altar of Beogh.
 26289 | Orc:2    | Found a roughly hewn altar of Beogh.
 26569 | Orc:2    | Noticed Saint Roka
 26585 | Orc:2    | Killed Saint Roka
 26733 | Orc:2    | Found Xuicsocy's Antique Weapon Shoppe.
 26734 | Orc:2    | Found a roughly hewn altar of Beogh.
 26735 | Orc:2    | Found Dyusyen's Antique Armour Emporium.
 26806 | Orc:2    | Found a roughly hewn altar of Beogh.
 26807 | Orc:2    | Found Poehoxoi's Book Boutique.
 27142 | D:5      | Bought a +2 cloak for 247 gold pieces
 27352 | Elf:1    | Entered Level 1 of the Elven Halls
 27741 | Elf:1    | Identified the Grimoire of Creation
 27844 | Elf:1    | Noticed Jorgrun
 28163 | Elf:1    | Identified the +8 flail "Kocim" {flame, Stlth+}
 28179 | Elf:1    | Killed Jorgrun
 30141 | Elf:2    | Found a runed translucent gate.
 30142 | Elf:2    | Found a runed translucent gate.
 30143 | Elf:2    | Found a runed translucent gate.
 30472 | Elf:2    | Noticed a deep elf blademaster
 30482 | Elf:2    | Killed a deep elf blademaster
 30558 | Elf:2    | Reached XP level 17. HP: 145/170 MP: 21/23
 30804 | Elf:3    | Entered Level 3 of the Elven Halls
 31292 | Elf:3    | Found Raheniac's Weapon Shop.
 31575 | Elf:3    | Noticed a deep elf blademaster
 31577 | Elf:3    | Noticed a deep elf blademaster
 31584 | Elf:3    | Noticed a Hell Sentinel
 31589 | Elf:3    | Noticed a deep elf master archer
 31593 | Elf:3    | Killed a deep elf blademaster
 31618 | Elf:2    | Killed a ghostly deep elf blademaster
 31624 | Elf:2    | Killed a deep elf blademaster
 31990 | Elf:2    | Killed a deep elf master archer
 32150 | Elf:3    | Identified the cursed +0 demon blade of Tiwkaugo {freeze,
                  | -Tele rF- rN+++ Str+3}
 33062 | Elf:3    | Identified the +3 leather armour of Beogh's Outrage {MR-
                  | Int+7 Stlth+}
 33281 | Elf:3    | Noticed a Hell Sentinel
 33378 | Elf:3    | Noticed a deep elf master archer
 33380 | Elf:3    | Noticed a Brimstone Fiend
 33381 | Elf:3    | Identified the cursed +1 mace of Nuixka {vamp, rN++ Int-2}
 33381 | Elf:3    | Identified the ring "Suuxzu" {*Drain +Fly EV+2 Dex+3}
 33972 | Elf:3    | Killed a deep elf master archer
 34116 | Elf:3    | Got a scintillating glass ring
 34125 | Elf:3    | Found the +3 warlock's mirror {reflect}
 34140 | Elf:3    | Identified the ring of Zukliuj {rF+ Int+2 Dex+4} (You found
                  | it on level 3 of the Elven Halls)
 34146 | Elf:3    | Got a shimmering bone ring
 34148 | Elf:3    | Got a translucent marble ring
 34150 | Elf:3    | Identified the ring "Vuloreomp" {rPois rF- MR+ Int+4
                  | Stlth+} (You found it on level 3 of the Elven Halls)
 34151 | Elf:3    | Identified the ring "Oshrefefu" {*Drain rPois rF++ SInv}
                  | (You found it on level 3 of the Elven Halls)
 34744 | Lair:1   | Killed emiel's ghost
 35010 | Lair:6   | Killed gentoosiast's ghost
 35289 | Shoals:1 | Entered Level 1 of the Shoals
 35529 | Shoals:1 | Reached XP level 18. HP: 155/191 MP: 24/24
 36286 | Shoals:2 | Reached skill level 15 in Fighting
 37771 | Shoals:3 | Noticed Polyphemus
 38107 | Shoals:3 | Killed Polyphemus
 38416 | Shoals:3 | Reached skill level 1 in Shields
 38475 | Shoals:3 | Found a hide-covered altar of Uskayaw.
 39543 | Shoals:4 | Entered Level 4 of the Shoals
 39668 | Shoals:4 | Found a runed translucent gate.
 39705 | Shoals:4 | Found a runed translucent gate.
 39706 | Shoals:4 | Found a runed translucent gate.
 39706 | Shoals:4 | Noticed feelmyfire's ghost (adept DgTm)
 39913 | Shoals:4 | Found a shimmering blue altar of Sif Muna.
 40047 | Shoals:3 | Reached skill level 5 in Shields
 40817 | Shoals:4 | Got a barnacled rune of Zot
 41229 | Shoals:4 | Reached XP level 19. HP: 170/204 MP: 25/25
 41734 | Spider:1 | Entered Level 1 of the Spider Nest
 42112 | Spider:1 | Identified Roxanne's Disquisition on Clay
 42112 | Spider:1 | Noticed Roxanne
 42124 | Spider:1 | Killed Roxanne
 42223 | Spider:1 | Found a runed translucent gate.
 42223 | Spider:1 | Found a runed translucent gate.
 42224 | Spider:1 | Found a runed translucent gate.
 42225 | Spider:1 | Noticed Ibuvvups's ghost (adept TrFi)
 42254 | Spider:1 | Killed Ibuvvups's ghost
 42386 | Spider:1 | Identified the +0 hat of Hyli {rF+ rC+ Int+2} (You found it
                  | on level 1 of the Spider Nest)
 42677 | Spider:1 | Noticed Asterion
 42678 | Spider:1 | Identified the cursed +0 large shield of the Fiend {rElec
                  | rF- Int+3 Stlth+}
 42691 | Spider:1 | Killed Asterion
 43622 | Spider:2 | Reached skill level 10 in Shields
 46359 | Spider:4 | Entered Level 4 of the Spider Nest
 47200 | Spider:4 | Paralysed by a hornet for 2 turns
 47843 | Spider:4 | Reached skill level 15 in Armour
 47876 | Spider:4 | Reached XP level 20. HP: 197/213 MP: 10/26
 48141 | Spider:4 | Got a gossamer rune of Zot
 48926 | Depths:1 | Entered Level 1 of the Depths
 49295 | Depths:1 | Noticed Nikola
 49311 | Depths:1 | Killed Nikola
 49640 | Depths:1 | Found a gateway to Hell.
 51077 | Depths:2 | Identified the ring "Ega Paext" {MP+9 Dex+6}
 51903 | Depths:2 | Reached XP level 21. HP: 230/230 MP: 27/27
 52053 | Depths:2 | Found a one-way gate to the infinite horrors of the Abyss.
 52893 | Depths:3 | Noticed Margery
 52905 | Depths:3 | Killed Margery
 52917 | Depths:3 | Found a gateway to a ziggurat.
 52967 | Depths:3 | Noticed Frederick
 53069 | Depths:3 | Found a shimmering altar of Xom.
 53208 | Depths:3 | Found a one-way gate leading to the halls of Pandemonium.
 53308 | Depths:3 | Found Duenum's Food Shoppe.
 53390 | Depths:3 | Noticed Louise
 53398 | Depths:3 | Killed Frederick
 53406 | Depths:3 | Killed Louise
 55226 | Depths:4 | Found Ucainebi's Jewellery Boutique.
 55226 | Depths:4 | Found Doesonodgh's Gadget Emporium.
 55228 | Depths:4 | Found Waerood's Jewellery Boutique.
 55535 | Depths:4 | Noticed a juggernaut
 55553 | Depths:4 | Killed a juggernaut
 55577 | Depths:4 | Noticed a caustic shrike
 55585 | Depths:4 | Killed a caustic shrike
 55585 | Depths:4 | Reached XP level 22. HP: 187/239 MP: 23/28
 55897 | Depths:5 | Entered Level 5 of the Depths
 55941 | Depths:5 | Noticed a juggernaut
 55988 | Depths:5 | Noticed a caustic shrike
 56374 | Depths:5 | Noticed a caustic shrike
 56374 | Depths:5 | Noticed a caustic shrike
 56375 | Depths:5 | Noticed a caustic shrike
 56375 | Depths:5 | Noticed a caustic shrike
 56381 | Depths:4 | Killed a caustic shrike
 56578 | Depths:4 | Killed a caustic shrike
 56805 | Depths:4 | Killed a juggernaut
 57351 | Depths:4 | Found Ucainebi's Jewellery Boutique.
 57352 | Depths:4 | Found Doesonodgh's Gadget Emporium.
 57353 | Depths:4 | Found Waerood's Jewellery Boutique.
 57679 | Depths:4 | Killed a caustic shrike
 57853 | Depths:5 | Noticed a caustic shrike
 57854 | Depths:5 | Noticed a caustic shrike
 57864 | Depths:4 | Killed a caustic shrike
 57949 | Depths:5 | Noticed a caustic shrike
 57958 | Depths:4 | Killed a caustic shrike
 58004 | Depths:5 | Noticed a caustic shrike
 58021 | Depths:4 | Killed a caustic shrike
 58029 | Depths:4 | Killed a caustic shrike
 58231 | Depths:5 | Killed a caustic shrike
 58670 | Depths:4 | Killed a caustic shrike
 59350 | Depths:5 | Found a gate to the Realm of Zot.
 59931 | Depths:5 | Found a gate to the Realm of Zot.
 60579 | Vaults:1 | Entered Level 1 of the Vaults
 60785 | Vaults:1 | Found Beastrocw's Book Emporium.
 60916 | Vaults:1 | Found Tenew's Book Emporium.
 61004 | Vaults:1 | Reached XP level 23. HP: 247/247 MP: 29/29
 61193 | Vaults:1 | Found Atofisecs's Distillery.
 61213 | Vaults:1 | Bought a potion of agility for 68 gold pieces
 61213 | Vaults:1 | Bought a potion of heal wounds for 85 gold pieces
 61213 | Vaults:1 | Bought a potion of haste for 170 gold pieces
 61213 | Vaults:1 | Bought a potion of haste for 170 gold pieces
 61213 | Vaults:1 | Bought a potion of berserk rage for 85 gold pieces
 61213 | Vaults:1 | Bought a potion of haste for 170 gold pieces
 61213 | Vaults:1 | Bought a potion of haste for 170 gold pieces
 61213 | Vaults:1 | Bought a potion of agility for 68 gold pieces
 61416 | Vaults:1 | Found Imoab's Magic Scroll Emporium.
 61425 | Vaults:1 | Bought a scroll of fog for 24 gold pieces
 61425 | Vaults:1 | Bought a scroll of enchant armour for 90 gold pieces
 61425 | Vaults:1 | Bought a scroll of blinking for 90 gold pieces
 64730 | Vaults:3 | Reached skill level 27 in Unarmed Combat
 65052 | Vaults:3 | Found a staircase to the Crypt.
 65593 | Vaults:4 | Cast into level 3 of the Abyss (a deep elf sorcerer)
 65837 | Abyss:4  | Reached XP level 24. HP: 185/256 MP: 23/26
 65891 | Vaults:4 | Escaped the Abyss
 67474 | Vaults:4 | Reached XP level 25. HP: 266/266 MP: 29/29
 67566 | Vaults:5 | Entered Level 5 of the Vaults
 68851 | Vaults:5 | Identified the +7 war axe of Vanity {chop, +Fly}
 69096 | Vaults:5 | Gained mutation: You are clumsy. (Dex -2) [a neqoxec]
 69261 | Vaults:5 | Identified the ring "Nynnol" {rPois rN++ Dex-3}
 69264 | Vaults:5 | Noticed an ancient lich
 69277 | Vaults:5 | Killed an ancient lich
 69289 | Vaults:5 | Reached XP level 26. HP: 112/280 MP: 18/29
 69581 | Vaults:5 | Identified the Reference Book on Displaced Poisoning
 69907 | Vaults:5 | Got a silver rune of Zot
 71391 | Crypt:1  | Entered Level 1 of the Crypt
 71592 | Crypt:1  | Found a runed translucent gate.
 71593 | Crypt:1  | Found a runed translucent gate.
 71597 | Crypt:1  | Found a runed translucent gate.
 71597 | Crypt:1  | Found an opulent altar of Gozag.
 72212 | Crypt:1  | Noticed Luroikhid's ghost (legendary GrBe)
 72814 | Vaults:3 | Killed Luroikhid's ghost
 73023 | Crypt:1  | Found an opulent altar of Gozag.
 74596 | Crypt:3  | Entered Level 3 of the Crypt
 75130 | Crypt:3  | Found a staircase to the Tomb.
 75394 | Crypt:3  | Reached XP level 27. HP: 291/291 MP: 29/29
 75465 | Crypt:3  | Found a basalt altar of Yredelemnul.
 75465 | Crypt:3  | Found an ancient bone altar of Kikubaaqudgha.
 75814 | Crypt:3  | Identified the Disquisition on Supportive Lightness
 75868 | Crypt:3  | Identified Keewej's Papyrus of Evil Rituals
 75939 | Crypt:3  | Found a runed translucent gate.
 75939 | Crypt:3  | Found a runed translucent gate.
 75939 | Crypt:3  | Found a runed translucent gate.
 75976 | Crypt:3  | Noticed Axtol's ghost (veteran GrFi)
 76090 | Crypt:3  | Killed Axtol's ghost
 76515 | Zot:1    | Entered Level 1 of the Realm of Zot
 78298 | Zot:2    | Noticed an orb of fire
 78301 | Zot:2    | Gained mutation: You are dopey. (Int -2) [an orb of fire]
 78317 | Zot:2    | Gained mutation: You tend to lose your temper in combat.
                  | [an orb of fire]
 78322 | Zot:2    | Killed an orb of fire
 80560 | Zot:4    | Noticed an orb of fire
 80564 | Zot:4    | Gained mutation: You are very clumsy. (Dex -4) [an orb of
                  | fire]
 80580 | Zot:3    | Killed an orb of fire
 82092 | Zot:5    | Entered Level 5 of the Realm of Zot
 82909 | Zot:5    | Noticed an ancient lich
 82949 | Zot:5    | Killed an ancient lich
 83061 | Zot:5    | Noticed an ancient lich
 83069 | Zot:5    | Killed an ancient lich
 83070 | Zot:5    | Noticed an orb of fire
 83083 | Zot:5    | Killed an orb of fire
 83262 | Zot:5    | Noticed an ancient lich
 83277 | Zot:5    | Killed an ancient lich
 83631 | Zot:5    | Noticed an ancient lich
 83657 | Zot:5    | Noticed an orb of fire
 83746 | Zot:5    | Gained mutation: Your flesh is heat resistant. (rF+) [an
                  | orb of fire]
 83747 | Zot:5    | Gained mutation: Armour fits poorly on your strangely
                  | shaped body. [an orb of fire]
 83747 | Zot:5    | Noticed an orb of fire
 83751 | Zot:5    | Killed an orb of fire
 83762 | Zot:5    | Killed an orb of fire
 83766 | Zot:5    | Noticed an ancient lich
 83779 | Zot:4    | Killed an ancient lich
 83837 | Zot:5    | Killed an ancient lich
 83837 | Zot:5    | Reached skill level 15 in Shields
 83838 | Zot:5    | Noticed an ancient lich
 83842 | Zot:5    | Killed an ancient lich
 83933 | Zot:5    | Reached skill level 5 in Dodging
 85555 | Slime:1  | Entered Level 1 of the Pits of Slime
 86483 | Slime:2  | Gained mutation: You often lose your temper in combat. [a
                  | shining eye]
 87168 | Slime:3  | Reached skill level 10 in Dodging
 87273 | Slime:2  | Gained mutation: You have an uncontrollable temper. [a
                  | shining eye]
 87288 | Slime:3  | Gained mutation: You occasionally shout uncontrollably at
                  | your foes. [a shining eye]
 87469 | Slime:3  | You fall into a shaft and drop 1 floor!
 87992 | Slime:3  | Found a viscous altar of Jiyva.
 88477 | Slime:5  | Entered Level 5 of the Pits of Slime
 89069 | Slime:4  | Noticed Dissolution
 89074 | Slime:4  | Killed Dissolution
 89420 | Slime:5  | Found the +2 hat of the Bear Spirit {Spirit, +Rage rN+
                  | MR++}
 89422 | Slime:5  | Found a viscous altar of Jiyva.
 89425 | Slime:5  | Found the +10 zealot's sword {holy, *Rage rN+ EV+3}
 89428 | Slime:5  | Paralysed by a floating eye for 4 turns
 89548 | Slime:5  | Noticed the Royal Jelly
 89561 | Slime:5  | Killed the Royal Jelly
 89703 | Slime:5  | Identified the Almanac of Battle Magic
 89739 | Slime:5  | Identified the +9 broad axe of Kirphifyo {speed, rElec rC++
                  | Dex-3} (You found it on level 5 of the Pits of Slime)
 89776 | Slime:5  | Identified the Reference Book on the Creative Mountains
 89779 | Slime:5  | Got a slimy rune of Zot
 89780 | Slime:5  | Identified the Tome of Blows and Bruises
 90378 | Hell     | Entered the Vestibule of Hell
 90378 | Hell     | Noticed Geryon
 90748 | Hell     | Killed Geryon
 90947 | Hell     | Found a gateway to the decaying netherworld of Tartarus.
 91350 | Hell     | Reached skill level 15 in Dodging
 91522 | Hell     | Found a gateway to the ashen valley of Gehenna.
 91666 | Hell     | Found a gateway to the Iron City of Dis.
 91903 | Hell     | Found a gateway to the freezing wastes of Cocytus.
 92147 | Geh:1    | Entered Level 1 of Gehenna
 95941 | Geh:7    | Entered Level 7 of Gehenna
 97286 | Geh:7    | Identified the +7 sceptre of Asmodeus
 97286 | Geh:7    | Noticed Asmodeus
 97326 | Geh:7    | Killed Asmodeus
 97435 | Geh:7    | Got an obsidian rune of Zot
 98660 | Geh:7    | Gained mutation: Your magical capacity is low. (-10% MP)
                  | [mutagenic glow]
 99767 | Depths:4 | Bought the ring of Aseomiaj {rC+ MP+9} for 408 gold pieces
 99769 | Depths:4 | Bought a +5 ring of slaying for 1364 gold pieces
 99876 | Coc:1    | Entered Level 1 of Cocytus
103331 | Coc:2    | Reached skill level 27 in Fighting
103889 | Coc:3    | You fall into a shaft and drop 1 floor!
104605 | Coc:4    | Gained mutation: You are occasionally teleported next to
                  | monsters. [mutagenic glow]
104665 | Coc:4    | Gained mutation: Your body sometimes deteriorates upon
                  | taking damage. [mutagenic glow]
105589 | Coc:5    | Reached skill level 15 in Invocations
105892 | Coc:5    | Gained mutation: Your body often deteriorates upon taking
                  | damage. [mutagenic glow]
106497 | Coc:6    | Lost mutation: You are very clumsy. (Dex -4) [potion of
                  | mutation]
106497 | Coc:6    | Lost mutation: Armour fits poorly on your strangely shaped
                  | body. [potion of mutation]
106497 | Coc:6    | Lost mutation: You are dopey. (Int -2) [potion of mutation]
106497 | Coc:6    | Lost mutation: You are clumsy. (Dex -2) [potion of
                  | mutation]
106497 | Coc:6    | Gained mutation: Your muscles are strong. (Str +2) [potion
                  | of mutation]
107130 | Coc:6    | Lost mutation: You have an uncontrollable temper. [potion
                  | of mutation]
107130 | Coc:6    | Lost mutation: Your muscles are strong. (Str +2) [potion of
                  | mutation]
107130 | Coc:6    | Lost mutation: Your body often deteriorates upon taking
                  | damage. [potion of mutation]
107130 | Coc:6    | Gained mutation: You passively map a small area around you.
                  | [potion of mutation]
107131 | Coc:6    | Lost mutation: Your magical capacity is low. (-10% MP)
                  | [potion of mutation]
107131 | Coc:6    | Gained mutation: You have a pair of small horns on your
                  | head. [potion of mutation]
107131 | Coc:6    | Gained mutation: Your body often deteriorates upon taking
                  | damage. [potion of mutation]
107131 | Coc:6    | Gained mutation: You have sharp toenails. [potion of
                  | mutation]
107132 | Coc:6    | Lost mutation: You have a pair of small horns on your head.
                  | [potion of mutation]
107132 | Coc:6    | Lost mutation: Your body often deteriorates upon taking
                  | damage. [potion of mutation]
107132 | Coc:6    | Lost mutation: You occasionally shout uncontrollably at
                  | your foes. [potion of mutation]
107132 | Coc:6    | Gained mutation: You passively map the area around you.
                  | [potion of mutation]
107328 | Coc:7    | Entered Level 7 of Cocytus
107511 | Coc:7    | Noticed the Serpent of Hell
107535 | Coc:7    | Killed the Serpent of Hell
107835 | Coc:7    | Lost mutation: Your body sometimes deteriorates upon taking
                  | damage. [potion of mutation]
107835 | Coc:7    | Lost mutation: You passively map the area around you.
                  | [potion of mutation]
107835 | Coc:7    | Gained mutation: You are agile. (Dex +2) [potion of
                  | mutation]
107835 | Coc:7    | Gained mutation: Your flesh is cold resistant. (rC+)
                  | [potion of mutation]
108170 | Coc:7    | Lost mutation: You are agile. (Dex +2) [potion of mutation]
108170 | Coc:7    | Lost mutation: You are occasionally teleported next to
                  | monsters. [potion of mutation]
108170 | Coc:7    | Lost mutation: Your flesh is cold resistant. (rC+) [potion
                  | of mutation]
108170 | Coc:7    | Gained mutation: You are surrounded by a mild repulsion
                  | field. (EV +2) [potion of mutation]
108170 | Coc:7    | Gained mutation: You are partially covered in molten
                  | scales. (AC +2) [potion of mutation]
108170 | Coc:7    | Gained mutation: Your mind is acute. (Int +2) [potion of
                  | mutation]
108443 | Coc:7    | Identified the amulet of the Fool {rN++ Regen+ Str+3 Int-4
                  | SInv}
108443 | Coc:7    | Noticed Antaeus
108472 | Coc:7    | Killed Antaeus
108548 | Coc:7    | Got an icy rune of Zot
108966 | Tar:1    | Entered Level 1 of Tartarus
111148 | Tar:7    | Entered Level 7 of Tartarus
111732 | Tar:7    | Got a crude scimitar
112012 | Tar:7    | Gained mutation: You are weak. (Str -2) [mutagenic glow]
112028 | Tar:7    | Found the amulet of the Four Winds {rN+ MR+++ Clar}
112030 | Tar:7    | Got a vibrating wooden ring
112305 | Tar:7    | Noticed Ereshkigal
112332 | Tar:7    | Killed Ereshkigal
112368 | Tar:7    | Found the +5 demon whip "Spellbinder" {antimagic, MR+}
112369 | Tar:7    | Got a bone rune of Zot
112683 | Tar:7    | Gained mutation: You are clumsy. (Dex -2) [a neqoxec]
113464 | Hell     | Identified the ring of Xom's Amusement {*Tele Int+8} (You
                  | found it on level 7 of Tartarus)
113465 | Hell     | Identified the +9 scimitar of Qiq Zuq {flame, rPois Str+3
                  | SInv} (You found it on level 7 of Tartarus)
113551 | Pan      | Entered Pandemonium
113563 | Pan      | Gained mutation: You occasionally shout uncontrollably at
                  | your foes. [a cacodemon]
114200 | Pan      | Noticed Duphui the pandemonium lord
114205 | Pan      | Gained mutation: Your magical capacity is low. (-10% MP) [a
                  | neqoxec]
114207 | Pan      | Gained mutation: Your spells are a little easier to cast,
                  | but a little less powerful. [a neqoxec]
114211 | Pan      | Killed Duphui the pandemonium lord
114247 | Pan      | Got a pitted spear
114249 | Pan      | Entered the realm of Mnoleg.
114326 | Pan      | Gained mutation: Scrolls take you a little longer to read.
                  | [a neqoxec]
114327 | Pan      | Gained mutation: Your spells are easier to cast, but less
                  | powerful. [a neqoxec]
114356 | Pan      | Noticed Mnoleg
114369 | Pan      | Killed Mnoleg
114372 | Pan      | Gained mutation: You are frail. (-10% HP) [a cacodemon]
114400 | Pan      | Got a glowing rune of Zot
114540 | Pan      | Identified the +9 spear "Hydra's Death Toll" {protect,
                  | SInv} (You found it in Pandemonium)
114827 | Pan      | Gained mutation: Your magical capacity is very low. (-20%
                  | MP) [a neqoxec]
114927 | Pan      | Gained mutation: Potions are less effective at restoring
                  | your health. [a cacodemon]
115024 | Pan      | Gained mutation: Scrolls take you longer to read. [a
                  | neqoxec]
115470 | Pan      | Noticed Faicsydeust the pandemonium lord
115490 | Pan      | Killed Faicsydeust the pandemonium lord
116318 | Pan      | Found a runed translucent door.
116322 | Pan      | Noticed Zacood the pandemonium lord
116325 | Pan      | Gained mutation: Scrolls take you much longer to read. [a
                  | cacodemon]
116336 | Pan      | Killed Zacood the pandemonium lord
116340 | Pan      | Gained mutation: You are very frail. (-20% HP) [a
                  | cacodemon]
116345 | Pan      | Gained mutation: You are very weak. (Str -4) [a cacodemon]
116489 | Pan      | Found an exit through the horrors of the Abyss.
116981 | Pan      | Noticed Vimobo the pandemonium lord
116994 | Pan      | Killed Vimobo the pandemonium lord
117776 | Pan      | Gained mutation: Your body sometimes deteriorates upon
                  | taking damage. [a cacodemon]
117850 | Pan      | Noticed Xoumy the pandemonium lord
117870 | Pan      | Killed Xoumy the pandemonium lord
118377 | Pan      | Noticed Mennas
118397 | Pan      | Killed Mennas
118499 | Pan      | Found an exit through the horrors of the Abyss.
118689 | Pan      | Noticed Diyf the pandemonium lord
118699 | Pan      | Killed Diyf the pandemonium lord
119224 | Pan      | Found a huge runed translucent gate.
119225 | Pan      | Found a huge runed translucent gate.
119226 | Pan      | Found a huge runed translucent gate.
119226 | Pan      | Found a huge runed translucent gate.
119226 | Pan      | Found a huge runed translucent gate.
119226 | Pan      | Found a huge runed translucent gate.
119234 | Pan      | Found a huge runed translucent gate.
119252 | Pan      | Noticed Micy the pandemonium lord
119286 | Pan      | Killed Micy the pandemonium lord
119329 | Pan      | Entered the realm of Cerebov.
119495 | Pan      | Identified the +6 sword of Cerebov {flame}
119495 | Pan      | Noticed Cerebov
119520 | Pan      | Killed Cerebov
119585 | Pan      | Identified the +0 large shield of the Thoughtful Cities
                  | {+Inv MP+9 Stlth+}
119626 | Pan      | Identified Vehumet's Compendium of Arcane Weapons
119652 | Pan      | Got a fiery rune of Zot
119671 | Pan      | Got a steaming lapis lazuli ring
119681 | Pan      | Identified the ring of Cuhipojun {rF+ Stlth+} (You found it
                  | in Pandemonium)
120130 | Pan      | Entered the realm of Gloorx Vloq.
120465 | Pan      | Noticed Gloorx Vloq
120485 | Pan      | HP: 11/249 [Executioner (2)]
120485 | Pan      | Slain by Gloorx Vloq

Skill      XL: |  1  2  3  4  5  6  7  8  9 10 11 12 13 14 15 16 17 18 19 20 21 22 23 24 25 26 27 |
---------------+----------------------------------------------------------------------------------+-----
Fighting       | 3 4 5 6 8 10 11 14 16 18 19 20 27 | 27.0
Unarmed Combat | 4 5 6 7 8 11 14 15 17 20 23 25 27 | 27.0
Armour         | 8 12 13 15 16 17 19 22 | 22.2
Invocations    | 8 10 22 | 22.0
Shields        | 7 10 23 | 23.0
Dodging        | 23 | 23.0
Stealth        | |  1.0

Action                   |  1- 3 |  4- 6 |  7- 9 | 10-12 | 13-15 | 16-18 | 19-21 | 22-24 | 25-27 || total
-------------------------+-------+-------+-------+-------+-------+-------+-------+-------+-------++-------
Melee: Unarmed           |   107 |    94 |   231 |   565 |  1217 |  1335 |  1844 |  1350 |  9130 || 15873
       Punch             |     2 |     1 |     9 |    30 |    64 |   109 |    71 |       |       ||   286
       Scimitar          |       |       |       |       |    32 |     6 |       |       |       ||    38
       Kick              |       |       |       |       |       |       |       |       |  1282 ||  1282
Throw: Stone             |       |       |       |     2 |       |       |       |       |       ||     2
       Large rock        |       |       |       |     7 |    33 |     5 |     7 |       |    14 ||    66
Invok: Divine Shield     |       |       |     2 |     5 |       |     8 |    13 |    12 |    68 ||   108
       Cleansing Flame   |       |       |       |       |       |    14 |     2 |       |     8 ||    24
       Summon Divine War |       |       |       |       |       |     6 |     5 |     3 |    35 ||    49
Evoke: Wand              |       |       |       |     2 |     1 |       |       |       |       ||     3
  Use: Scroll            |       |       |     8 |    12 |    19 |     9 |     8 |     3 |    35 ||    94
       Potion            |       |       |       |     7 |     4 |     4 |     2 |     4 |    29 ||    50
 Stab: Sleeping          |     7 |     1 |       |       |       |       |       |       |       ||     8
       Distracted        |     1 |       |       |       |       |       |       |       |       ||     1
  Eat: Chunk             |    20 |    13 |    45 |    64 |   115 |   145 |   122 |   103 |   266 ||   893
       Ration            |       |       |     1 |       |     2 |     1 |     3 |     1 |    68 ||    76
Armor: Robe              |    38 |    39 |    66 |    20 |       |       |       |       |       ||   163
       Troll leather arm |       |       |       |    34 |       |       |       |       |       ||    34
       Gold dragon scale |       |       |       |   238 |  1185 |  1205 |  1766 |   603 |  3034 ||  8031
Dodge: Dodged            |    49 |    40 |   132 |   258 |   345 |   538 |   582 |   276 |  2163 ||  4383
Block: Other             |       |       |     7 |    12 |       |    44 |    42 |       |       ||   105
       Shield            |       |       |       |       |       |       |   609 |   788 |  1686 ||  3083
       Large shield      |       |       |       |       |       |       |       |       |  6583 ||  6583
       Reflection        |       |       |       |       |       |       |       |       |    85 ||    85
       Rpst.: Scimitar   |       |       |       |       |     1 |     1 |       |       |       ||     2
